 Dungeon Crawl Stone Soup version 0.28-a0-1506-g3893175d92 (webtiles) character file.

Game seed: 18017916409567443426

2561 lonewolfV2 the Chopper (level 9, 0/69 HPs)
             Began as a Demonspawn Berserker on Jan 13, 2022.
             Was a Priest of Trog.
             Slain by a hornet (7 damage)
             ... while paralysed by a hornet
             ... on level 8 of the Dungeon.
             The game lasted 00:16:04 (8392 turns).

lonewolfV2 the Chopper (Demonspawn Berserker)       Turns: 8392, Time: 00:16:04

Health: 0/69       AC:  7    Str: 21    XL:     9   Next: 31%
Magic:  7/7        EV:  2    Int:  7    God:    Trog [***...]
Gold:   281        SH:  0    Dex: 19    Spells: 8/8 levels left

rFire   . . .      SeeInvis .   y - +2 glaive (distort)
rCold   + . .      Faith    .   (shield currently unavailable)
rNeg    . . .      Spirit   .   j - +1 robe {rC+}
rPois   .          Reflect  .   (no helmet)
rElec   .          Harm     .   (no cloak)
rCorr   .          Rampage  .   (no gloves)
Will    ++...                   (no boots)
Stlth   +.........              (no amulet)
HPRegen 1.21/turn               p - +4 ring of protection
MPRegen 0.10/turn               e - +6 ring of dexterity

@: confused, paralysed, lethally poisoned (0 -> -12), ambrosia-drunk,
strong-willed, regenerating
A: repulsion field 2, demonic guardian 2, dopey 1, low mp 2
a: Renounce Religion, Berserk, Trog's Hand


You were on level 8 of the Dungeon.
You worshipped Trog.
Trog was most pleased with you.
You visited 1 branch of the dungeon, and saw 7 of its levels.

You collected 281 gold pieces.

Inventory:

Hand Weapons
 a - a +0 hand axe
 k - a +2 vorpal war axe
 y - a +2 glaive of distortion (weapon)
Armour
 b - a +1 animal skin
 j - a +1 robe of cold resistance (worn)
 z - +0 steam dragon scales
Jewellery
 e - a +6 ring of dexterity (right hand)
 p - a +4 ring of protection (left hand)
Wands
 m - a wand of flame (22)
 t - a wand of polymorph (11)
Scrolls
 h - a scroll of blinking
 o - 2 scrolls of teleportation
 u - a scroll of fear
 w - a scroll of enchant weapon {unknown}
Potions
 c - a potion of degeneration
 d - 2 potions of attraction
 f - a potion of magic
 g - a potion of resistance
 l - 2 potions of curing
 n - a potion of brilliance
 q - a potion of cancellation
 r - a potion of lignification {unknown}
 s - a potion of flight
 v - a potion of mutation {unknown}
 x - a potion of haste {unknown}


   Skills:
 + Level 6.1 Fighting
 + Level 7.6(8.1) Axes
 + Level 4.1(6.4) Polearms
 + Level 2.2 Armour
 + Level 5.3 Dodging
 + Level 3.5 Stealth


You had 8 spell levels left.
You didn't know any spells.
Your spell library was empty.

Dungeon Overview and Level Annotations

Branches:
Dungeon (8/15)             Temple (0/1) D:6
   Lair: D:8-11

Altars:
Gozag
Kikubaaqudgha

Portals:
Abyss: D:3

Annotations:
D:3 2 transporters, HallandMoats's ghost, amateur DsFi


Innate Abilities, Weirdness & Mutations

You are surrounded by a moderate repulsion field. (EV +3)
A demonic guardian rushes to your aid.
You are dopey. (Int -2)
Your magical capacity is very low. (-20% MP)


Message History

You are poisoned.
You feel as though you will be slow longer.
You miss the hornet.
You feel yourself speed up.
You feel very sick. The hornet stings you!
You are more poisoned.
You feel yourself slow down. The hornet barely misses you.
The hornet closely misses you. The ice beast misses you.
Your skin crawls.
You feel strong-willed.
You feel very sick. The hornet stings you!
* * * LOW HITPOINT WARNING * * *
A demonic guardian appears!
You are lethally poisoned!
You feel as though you will be slow longer.
The hornet closely misses you. The ice beast misses you.
The hornet barely misses you.
You are confused.
You feel invigorated.
* * * LOW HITPOINT WARNING * * *
You feel extremely sick. The hornet barely misses you.
The ice beast hits you but does no damage.
Your rust devil hits the ice beast.
Your rust devil corrodes the ice beast!
The hornet stings you but does no damage.
The ice beast barely misses you.
Okay, then.
You hit the ice beast.
Space warps around the ice beast.
The ice beast is moderately wounded.
You feel yourself speed up.
You feel extremely sick. The hornet stings you.
* * * LOW HITPOINT WARNING * * *
You are lethally poisoned!
You suddenly lose the ability to move!
Your rust devil hits the ice beast!
The ice beast seems to be corroded for longer.
The hornet stings you!
You die...

#.# ########.#
#######.....##.#
#...........##.# ..
#...........##.#####...
###...........##.#.......
..............[..........
###........#####y#.####..
....).#.#### #@Y......
###...#.....# ###4####.
..#)).#....## ...
#.#)###....# .###
#.#.#.#...## .#
#.#)#.#.#.# .#
#.#.#.#.... ......#..##.
#.(...#


You could see a hornet, an ice beast (corroded, ally target) and a friendly rust
devil (summoned).

Vanquished Creatures
  Maggie (D:8)
  2 water moccasins (D:6)
  An ice beast (D:5)
  Pargi (D:3)
  A necrophage (D:5)
  3 centaurs
  A phantom (D:6)
  A bullfrog (D:7)
  A gnoll sergeant (D:8)
  2 scorpions (D:5)
  A water moccasin zombie (D:6)
  3 wights (D:8)
  2 howler monkeys (D:7)
  2 centaur zombies
  3 hounds
  4 centaur skeletons
  Ijyb (D:3)
  A bullfrog skeleton (D:5)
  An iguana (D:7)
  2 orc wizards (D:7)
  A killer bee zombie (D:7)
  2 howler monkey zombies (D:5)
  3 gnolls
  12 adders
  A river rat (D:5)
  2 shadow imps (D:7)
  A white imp (D:6)
  An ufetubus (D:6)
  5 worms
  3 dart slugs
  3 orcs
  5 endoplasms
  2 giant cockroaches
  12 goblins
  6 hobgoblins
  4 jackals
  A quokka (D:2)
  5 ball pythons
  3 bats
  A frilled lizard (D:1)
  6 kobolds
  7 rats
120 creatures vanquished.

Vanquished Creatures (collateral kills)
  A black bear (D:6)
  An ogre (D:6)
  A wight (D:8)
  A hound (D:5)
  An orc priest (D:7)
  An iguana (D:5)
  A gnoll (D:8)
7 creatures vanquished.

Vanquished Creatures (others)
  A plant (D:3)
1 creature vanquished.

Grand Total: 128 creatures vanquished

Notes
Turn   | Place    | Note
-------+----------+-------------------------------------------
     0 | D:1      | lonewolfV2 the Demonspawn Berserker began the quest for the
                  | Orb.
     0 | D:1      | Reached XP level 1. HP: 18/18 MP: 1/1
   743 | D:1      | Gained mutation: You are surrounded by a mild repulsion
                  | field. (EV +2) [demonic ancestry]
   743 | D:1      | Reached XP level 2. HP: 13/24 MP: 2/2
  1831 | D:1      | Reached skill level 3 in Axes
  2378 | D:2      | Gained mutation: You are surrounded by a moderate repulsion
                  | field. (EV +3) [demonic ancestry]
  2378 | D:2      | Reached XP level 3. HP: 13/29 MP: 3/3
  2891 | D:2      | Reached XP level 4. HP: 30/36 MP: 4/4
  2892 | D:2      | Reached ** piety under Trog
  3184 | D:2      | Reached skill level 1 in Stealth
  3457 | D:3      | Noticed Ijyb
  3469 | D:3      | Killed Ijyb
  3646 | D:3      | Noticed a small abomination
  3687 | D:3      | Noticed Pargi
  3695 | D:3      | Killed Pargi
  3696 | D:3      | Reached skill level 1 in Polearms
  3696 | D:3      | Gained mutation: A weak demonic guardian rushes to your
                  | aid. [demonic ancestry]
  3696 | D:3      | Reached XP level 5. HP: 22/42 MP: 5/5
  4091 | D:3      | Found a transporter.
  4095 | D:3      | Found a transporter.
  4100 | D:3      | Found a one-way gate to the infinite horrors of the Abyss.
  4100 | D:3      | Noticed HallandMoats's ghost (amateur DsFi)
  4167 | D:3      | Reached skill level 4 in Axes
  4168 | D:3      | Found an opulent altar of Gozag.
  4279 | D:3      | Reached XP level 6. HP: 39/48 MP: 6/6
  4387 | D:3      | Found an ancient bone altar of Kikubaaqudgha.
  4465 | D:3      | You fall into a shaft and drop 3 floors!
  4519 | D:6      | Noticed a water moccasin
  4530 | D:6      | Killed a water moccasin
  4642 | D:6      | Noticed an ice beast
  4654 | D:5      | Entered Level 5 of the Dungeon
  4665 | D:5      | Killed an ice beast
  4666 | D:5      | Gained mutation: A demonic guardian rushes to your aid.
                  | [demonic ancestry]
  4666 | D:5      | Reached XP level 7. HP: 21/55 MP: 7/7
  5580 | D:5      | Reached XP level 8. HP: 61/61 MP: 8/8
  6092 | D:6      | Reached skill level 5 in Axes
  6214 | D:6      | Reached skill level 5 in Fighting
  6360 | D:6      | Found a staircase to the Ecumenical Temple.
  6443 | D:6      | Reached skill level 6 in Axes
  7058 | D:7      | Reached *** piety under Trog
  7531 | D:7      | Reached skill level 5 in Dodging
  7643 | D:7      | Reached XP level 9. HP: 57/69 MP: 9/9
  7947 | D:8      | Noticed Maggie
  7971 | D:8      | Killed Maggie
  7972 | D:8      | Reached skill level 7 in Axes
  8015 | D:8      | Gained mutation: Your magical capacity is low. (-10% MP)
                  | [mutagenic glow]
  8022 | D:8      | Gained mutation: Your magical capacity is very low. (-20%
                  | MP) [mutagenic glow]
  8033 | D:8      | Gained mutation: You are dopey. (Int -2) [mutagenic glow]
  8392 | D:8      | Paralysed by a hornet for 2 turns
  8392 | D:8      | Slain by a hornet

Illustrated notes

Levels and vault maps discovered:
D:1:      dpeg_arrival_ternary, layout_basic, serial_corexii_hall,
          corexii_hall_statues_x, chequers_hall_statues_y
D:2:      layout_loops_ring, kennysheep_generic_room_6
D:3:      layout_basic, nicolae_gozag_seed_capital,
          mainiacjoe_overflow_chevrons, chequers_ecumenical_altar_simple_redux,
          gammafunk_ghost_abyssal_escape, amcnicky_mini_corridor_feature,
          cheibrodos_gnoll_hut, uniq_crazy_yiuf_cottage, uniq_pargi, uniq_ijyb
D:5:      layout_gridville, lightli_sewer_entry_pipes
D:6:      layout_basic, minmay_temple_entry_glass, enter_ossuary_2
D:7:      layout_loops_cross, enter_bailey_3
D:8:      layout_basic, jmf_multi_god_temple2, chequers_serial_rivers_room_a,
          hangedman_decor_growths, minmay_misc_feat_rugged, uniq_maggie

Skill      XL: |  1  2  3  4  5  6  7  8  9 |
---------------+----------------------------+-----
Armour         | 2 |  2.2
Axes           | 3 4 6 7 |  7.6
Dodging        | 2 3 4 5 |  5.3
Stealth        | 1 2 3 |  3.5
Polearms       | 1 2 4 |  4.1
Fighting       | 4 5 6 |  6.1

Action                   |  1- 3 |  4- 6 |  7- 9 || total
-------------------------+-------+-------+-------++-------
Melee: Hand axe          |    75 |       |       ||    75
       Spear             |    16 |   143 |    11 ||   170
       Punch             |       |     1 |     2 ||     3
       War axe           |       |       |   173 ||   173
       Glaive            |       |       |    20 ||    20
Invok: Trog's Hand       |       |     1 |     4 ||     5
       Berserk           |       |     1 |     1 ||     2
  Use: Scroll            |     5 |     6 |     5 ||    16
       Potion            |       |       |     3 ||     3
 Stab: Sleeping          |     3 |     1 |     2 ||     6
       Distracted        |       |       |     1 ||     1
Armor: Animal skin       |    13 |    20 |    64 ||    97
       Robe              |       |       |     2 ||     2
Dodge: Dodged            |    62 |   115 |   233 ||   410

Table legend: (Time is in decaauts)
 A = Elapsed time spent in this place.
 B = Non-inter-level travel time spent in this place.
 C = Inter-level travel time spent in this place.
 D = Time resting spent in this place.
 E = Time spent auto-exploring this place.
 F = Levels seen in this place.
 G = Mean time per level.
                   A        B        C        D        E       F      G
               +--------+--------+--------+--------+--------+-----+--------+
         Total |   8494 |   8389 |    105 |   2412 |   4418 |   7 | 1213.4 |
       Dungeon |   8494 |   8389 |    105 |   2412 |   4418 |   7 | 1213.4 |
               +--------+--------+--------+--------+--------+-----+--------+

Top non-repeatable levels by time:
     D:1: 2375 daAuts
     D:5: 1445 daAuts
     D:6: 1150 daAuts
     D:2: 1091 daAuts
     D:3: 1004 daAuts
     D:7: 893 daAuts
     D:8: 533 daAuts
